 Dungeon Crawl Stone Soup version 0.17.2-1-ge4368a0 (webtiles) character file.

885 Melancholia the Insei (level 7, 0/58 HPs)
             Began as a Mummy Monk on Apr 20, 2017.
             Slain by Duvessa
             ... wielding a +0 rapier of speed
              (5 damage)
             ... on level 5 of the Dungeon.
             The game lasted 00:12:29 (7511 turns).

Melancholia the Insei (Mummy Monk)                  Turns: 7511, Time: 00:12:29

Health: 0/58       AC:  7    Str: 15    XL:     7   Next: 76%
Magic:  7/7        EV:  9    Int:  9    God:
Gold:   106        SH:  0    Dex: 16    Spells: 0 memorised, 6 levels left

rFire  x . .     SeeInvis .       - Unarmed
rCold  + . .     Clarity  .     (no armour)
rNeg   + + +     SustAt   .     (no shield)
rPois  ∞         Gourm    .     (no helmet)
rElec  .         Spirit   .     i - +2 cloak {Tattered Rags}
rCorr  .         Warding  .     e - +2 pair of gloves {Broken Hands}
rMut   .         Stasis   .     b - +0 pair of boots {Weary Feet}
MR     .....                    (no amulet)
Stlth  ++........               (no ring)
                                (no ring)

@: not resistant to hostile enchantments, unstealthy
A: no food or potions, fire vulnerability, cold resistance 1, negative energy
resistance 3, torment resistance, unbreathing
a: no special abilities


You were on level 5 of the Dungeon.
You were not hungry.

You visited 2 branches of the dungeon, and saw 6 of its levels.
You also visited: Ossuary.

You collected 106 gold pieces.


Innate Abilities, Weirdness & Mutations

You do not eat or drink.
Your flesh is vulnerable to fire.
You are immune to poison.
Your flesh is cold resistant.
You are immune to negative energy.
You are immune to unholy pain and torment.
You can survive without breathing.


   Skills:
 - Level 6.0 Fighting
 + Level 3.6 Dodging
 - Level 1.5 Stealth
 - Level 6.2 Unarmed Combat


You had 6 spell levels left.
You didn't know any spells.

Inventory:

Hand Weapons
 j - a +0 scythe (quivered) {Bloodrusted Tool}
Armour
 b - a +0 pair of boots (worn) {Weary Feet}
 e - a +2 pair of gloves (worn) {Broken Hands}
 i - a +2 cloak (worn) {Tattered Rags}
Scrolls
 a - a scroll of immolation {unknown}
 c - 2 scrolls of magic mapping {unknown}
 d - 3 scrolls of recharging {unknown}
 f - 4 scrolls of enchant weapon {unknown}
 g - 3 scrolls of remove curse {unknown}
 h - a scroll of noise {unknown}
 k - 3 scrolls of identify {unknown}
 l - 3 scrolls of teleportation {unknown}
Comestibles
 m - 3 fruits

Dungeon Overview and Level Annotations

Branches:
Dungeon (5/15)             Temple (1/1) D:4

Altars:
Ashenzari
Cheibriados
Dithmenos
Elyvilon
Fedhas
Gozag
Kikubaaqudgha
Makhleb
Nemelex Xobeh
Okawaru
Qazlal
Ru
Sif Muna
Trog
Vehumet
Xom
Zin
The Shining One

Annotations:
D:5 Crazy Yiuf, Dowan, Duvessa
Temple Water

▒..................'........>
▒..........▒▒▒▒▒▒▒▒▒...▒▒....
▒......<.....................
▒........▒▒▒▒▒.........▒▒....
▒▒........▒.............▒ ...
▒.........▒....÷÷÷......▒▒ !.
▒........▒▒....▒.▒.......▒ ..
▒▒▒...▒.▒▒.......▒.▒▒▒.....▒ ..
▒...▒▒▒.▒▒....÷.M▒.........▒...
▒.▒..........5...e▒▒▒▒▒........
▒.................+..▒▒...▒......
▒▒▒...............▒▒.▒▒...▒ ....
▒........▒▒▒▒...+..▒..£.+ ....
▒.▒▒▒....▒▒▒▒...▒..▒....▒ ....
▒.▒ ▒...........▒..▒....▒ ..e.
▒.▒▒▒...▒▒▒▒▒▒▒▒▒..▒....▒ ..▒
▒..................▒.▒▒▒▒▒▒..▒


You could see Duvessa and a shadow imp.


Message History

Duvessa is severely wounded!
Duvessa says, "When magic and the sword combine, nothing stands against them!"
Duvessa completely misses you!
You beat Duvessa but do no damage!
Duvessa is severely wounded!
You squash Duvessa like an ant!
Duvessa is severely wounded!
Duvessa hits you with a rapier of speed!!! * * * don't die
* * * You take 7 damage, and have 19/58 hp!
You pummel Duvessa like a punching bag!
Duvessa is severely wounded!
Duvessa hits you with a rapier of speed! * * * don't die
* * * You take 2 damage, and have 17/58 hp!
Duvessa says, "Where magic fails, the sword succeeds!!!"
A shadow imp comes into view!
You beat Duvessa into a bloody pulp!
Duvessa is almost dead!
Duvessa hits you with a rapier of speed! * * * don't die
* * * You take 3 damage, and have 14/58 hp!
You pummel Duvessa like a punching bag!
Duvessa is almost dead!
Duvessa hits you with a rapier of speed!!! * * * don't die
* * * You take 10 damage, and have 4/58 hp!
There is a stone staircase leading up here!
Duvessa hits you with a rapier of speed! rip

Action                   |  1- 3 |  4- 6 |  7- 9 || total
-------------------------+-------+-------+-------++-------
Melee: Unarmed           |   231 |   348 |   180 ||   759
 Stab: Sleeping          |     7 |     1 |     2 ||    10

Vault maps used:
D:1:      mushboom_english_gardens
D:2:      nicolae_overflow_quartered_altars
D:3:      lemuel_round_altar, nemelex_altar_shiori, uniq_sigmund
D:4:      minmay_temple_entry_butterflies, enter_ossuary_2
D:5:      yredelemnul_forgotten_temple_becter, first_bread, kennysheep_boxes,
          uniq_crazy_yiuf_cottage, uniq_duvessa
Temple:   hc_temple_tempest_star
Ossuary:  ossuary_tomb_1

Notes
Turn   | Place    | Note
--------------------------------------------------------------
     0 | D:1      | Melancholia the Mummy Monk began the quest for the Orb.
     0 | D:1      | Reached XP level 1. HP: 18/18 MP: 1/1
   356 | D:1      | Reached XP level 2. HP: 8/24 MP: 2/2
  1242 | D:1      | Reached skill level 4 in Unarmed Combat
  1368 | D:2      | Reached XP level 3. HP: 29/29 MP: 3/3
  1596 | D:2      | Found an ancient bone altar of Kikubaaqudgha.
  1596 | D:2      | Found a stormy altar of Qazlal.
  1597 | D:2      | Found a white marble altar of Elyvilon.
  1724 | D:2      | Found a glowing silver altar of Zin.
  2509 | D:3      | Noticed rlgrobin's ghost (weakling FeEn)
  3035 | D:3      | Reached XP level 4. HP: 33/35 MP: 4/4
  3205 | D:3      | Noticed Sigmund
  3591 | D:3      | Killed rlgrobin's ghost
  3591 | D:3      | Reached skill level 5 in Unarmed Combat
  3642 | D:3      | Killed Sigmund
  3642 | D:3      | Reached skill level 5 in Fighting
  3642 | D:3      | Reached XP level 5. HP: 16/44 MP: 5/5
  3894 | D:3      | Found a shadowy altar of Dithmenos.
  3923 | D:3      | Found a sparkling altar of Nemelex Xobeh.
  4069 | D:4      | Reached XP level 6. HP: 44/51 MP: 6/6
  4183 | D:4      | Found a sand-covered staircase.
  4188 | Ossuary  | Entered an ossuary
  4654 | Ossuary  | Reached skill level 3 in Dodging
  5646 | Ossuary  | Reached XP level 7. HP: 31/57 MP: 7/7
  6081 | D:4      | Reached skill level 6 in Fighting
  6125 | D:4      | Found a staircase to the Ecumenical Temple.
  6175 | Temple   | Entered the Ecumenical Temple
  7185 | D:5      | Entered Level 5 of the Dungeon
  7311 | D:5      | Reached skill level 6 in Unarmed Combat
  7347 | D:5      | Noticed Crazy Yiuf
  7469 | D:5      | Noticed Duvessa
  7469 | D:5      | Noticed Dowan
  7509 | D:5      | HP: 4/58 [Duvessa/rapier of speed (10)]
  7511 | D:5      | Slain by Duvessa

Vanquished Creatures
  Sigmund (D:3)
  A sky beast (D:5)
  3 centaur zombies (Ossuary)
  A hound (D:4)
  An iguana (D:5)
  3 human zombies (Ossuary)
  4 orc priests
  2 worker ants (D:4)
  An orc wizard (D:3)
  A big kobold zombie (Ossuary)
  2 mummies (Ossuary)
  The ghost of rlgrobin the Sneak, a weakling FeEn (D:3)
  3 adders
  An ooze (D:2)
  5 worms
  A giant gecko (D:4)
  7 orcs
  14 bats
  5 giant cockroaches
  7 hobgoblins
  9 jackals
  7 kobolds
  2 quokkas
  2 giant gecko skeletons (D:4)
  5 giant newts
  6 goblins
  3 goblin zombies (Ossuary)
  10 hobgoblin zombies (Ossuary)
  A jackal zombie (Ossuary)
  9 kobold zombies (Ossuary)
  7 orc zombies (Ossuary)
  5 rats
  A butterfly (D:4)
131 creatures vanquished.

Vanquished Creatures (others)
  A kobold (D:3)
1 creature vanquished.

Grand Total: 132 creatures vanquished
